 Dungeon Crawl Stone Soup version 0.30-a0-777-ga9a30cbeda (webtiles) character file.

Game seed: 1859268752590784736

205 gelatine the Firebug (level 5, 0/37 HPs)
             Began as a Demonspawn Fire Elementalist on Feb 15, 2023.
             Slain by a worm (10 damage)
             ... on level 3 of the Dungeon.
             The game lasted 00:07:41 (3071 turns).

gelatine the Firebug (Demonspawn Fire Elementalist) Turns: 3071, Time: 00:07:42

Health: 0/37       AC:  4    Str:  8    XL:     5   Next: 52%
Magic:  0/9        EV: 12    Int: 18    God:
Gold:   234        SH:  0    Dex: 14    Spells: 7/10 levels left

rFire   . . .      SeeInvis .    d - +1 short sword (drain)
rCold   . . .      Faith    .    (no shield)
rNeg    . . .      Spirit   .    n - +0 leather armour
rPois   .          Reflect  .    (no helmet)
rElec   .          Harm     .    (no cloak)
rCorr   +          Rampage  .    q - +0 pair of gloves
Will    .....                    (no boots)
Stlth   ++                       (no amulet)
HPRegen 0.26/turn                e - ring of resist corrosion
MPRegen 0.11/turn                (no ring)

@: no status effects
A: powered by pain 2, sturdy frame 1
a: no special abilities


You were on level 3 of the Dungeon.
You visited 1 branch of the dungeon, and saw 3 of its levels.

You collected 234 gold pieces.

Inventory:

Hand Weapons
 a - a +0 rapier
 d - a +1 short sword of draining (weapon)
 x - a +1 dagger of freezing
Missiles
 p - 5 atropa-tipped darts
Armour
 n - a +0 leather armour (worn)
 q - a +0 pair of gloves (worn)
Magical Staves
 h - a staff of air
Jewellery
 c - a ring of ice
 e - a ring of resist corrosion (left hand)
Wands
 u - a wand of polymorph (6)
Scrolls
 g - a scroll of amnesia {unknown}
 i - 3 scrolls of teleportation {unknown}
 k - a scroll of immolation {unknown}
 m - 2 scrolls of enchant weapon {unknown}
 s - 3 scrolls of identify {unknown}
Potions
 b - a potion of magic
 f - a potion of flight {unknown}
 j - 3 potions of curing {unknown}
 l - a potion of heal wounds {unknown}
 o - a potion of invisibility {unknown}
 r - a potion of berserk rage {unknown}
 t - a potion of ambrosia {unknown}
 v - a potion of might {unknown}
 w - 2 potions of attraction {unknown}


   Skills:
 * Level 1.0 Fighting
 * Level 0.4 Armour
 * Level 2.8 Dodging
 + Level 1.8 Stealth
 + Level 3.0 Spellcasting
 * Level 1.9 Conjurations
 * Level 3.8 Fire Magic
 * Level 0.8 Evocations


You had 7 spell levels left.
You knew the following spells:

 Your Spells              Type           Power      Damage    Failure   Level
a - Foxfire               Conj/Fire      52%        2x1d6     5%          1
b - Scorch                Fire           32%        2d6       5%          2

Your spell library contained the following spells:

 Spells                   Type           Power      Damage    Failure   Level
 Inner Flame              Hex/Fire       9%         N/A       24%         3
 Cigotuvi's Dreadful Rot  Necr/Pois/Air  4%         N/A       26%         2
 Poisonous Vapours        Pois/Air       4%         N/A       26%         2
 Kindle Blastsparks       Fire/Tloc/Air  14%        2d11      30%         3
 Dazzling Flash           Conj/Hex       12%        N/A       34%         3
 Mephitic Cloud           Conj/Pois/Air  5%         N/A       36%         3
 Summon Guardian Golem    Hex/Summ       2%         N/A       45%         3
 Flame Wave               Conj/Fire      13%        2d6       45%         4
 Iskenderun's Mystic Bla  Conj/Tloc      6%         2d4       75%         4
 Starburst                Conj/Fire      6%         6d4       100%        6
 Orb of Destruction       Conj           4%         9d5       100%        7
 Spellforged Servitor     Conj/Summ      3%         N/A       100%        7


Dungeon Overview and Level Annotations

Branches:
Dungeon (3/15)

Altars:


Innate Abilities, Weirdness & Mutations

You sometimes gain power by taking damage.
Your movements are slightly less encumbered by armour. (ER -2)


Message History

The hound is moderately wounded.
The hound barely misses you.
You hit the hound. You drain the hound.
The hound is severely wounded.
The hound closely misses you. The hound bites you.
You closely miss the hound.
The hound is severely wounded.
The hound barely misses you.
You hit the hound but do no damage.
The hound is severely wounded.
The hound misses you. The hound completely misses you.
You hit the hound. You drain the hound.
You kill the hound!
Your Fighting skill increases to level 1!
You closely miss the kobold. The kobold hits you but does no damage.
You closely miss the kobold. The kobold closely misses you.
You closely miss the kobold. The kobold hits you with a +0 whip.
You hit the kobold but do no damage. You drain the kobold.
You kill the kobold!
Your Spellcasting skill increases to level 3!
Casting: Foxfire (safe; 5% risk of failure)
Confirm with . or Enter, or press ? or * to list all spells.
You conjure some foxfire!
The shadow imp gestures at you. Pain shoots through your body!
* * * LOW HITPOINT WARNING * * *
You closely miss the shadow imp.
The shadow imp is severely wounded.
The foxfire hits the shadow imp but does no damage.
The shadow imp is severely wounded.
The shadow imp closely misses you.
You hit the shadow imp.
The shadow imp is almost dead.
The shadow imp barely misses you.
You hit the shadow imp.
You kill the shadow imp!
Casting: Foxfire (safe; 5% risk of failure)
Confirm with . or Enter, or press ? or * to list all spells.
You conjure some foxfire!
The worm bites you!
You die...

#.##..###..#..
#..###..#######.#
#.##.##.#).#..
#).#.##..).......
#.##.'..#..#..
#..#..).#.#######
#.#..##.#..#..
#..#.##...#
#.....###..#.K
#.)###..###
#.#...v.####.. ####....#
#.#......(.##†##....##.#
#.#.#.####....wvv.####.#
#.....# ######@#.# #.#
#.....# #v§.# #.# ##
###...## #.### #.####
##. ..†..## ##.#
#....####.. .###.# #..#
####....... .# #.#
#.####### ######.. .#
#.# #..†..... ##. .# #.#
#.######. ##
.###†##########.# #


You could see a worm (ally target).

Vanquished Creatures
  2 hounds (D:3)
  An orc wizard (D:2)
  2 adders (D:3)
  A gnoll (D:3)
  A shadow imp (D:3)
  3 worms (D:2)
  4 dart slugs
  9 orcs
  5 ball pythons
  2 endoplasms
  A giant cockroach (D:3)
  3 goblins
  4 hobgoblins
  9 kobolds
  5 quokkas
  2 bats (D:1)
  3 frilled lizards
  7 rats
64 creatures vanquished.

Vanquished Creatures (others)
  195 foxfires
195 creatures vanquished.

Grand Total: 259 creatures vanquished

Notes
Turn   | Place    | Note
-------+----------+-------------------------------------------
     0 | D:1      | gelatine the Demonspawn Fire Elementalist began the quest
                  | for the Orb.
     0 | D:1      | Reached XP level 1. HP: 13/13 MP: 3/3
   301 | D:1      | Gained mutation: Your movements are slightly less
                  | encumbered by armour. (ER -2) [demonic ancestry]
   301 | D:1      | Reached XP level 2. HP: 19/19 MP: 3/5
  1223 | D:2      | Gained mutation: You sometimes gain a little power by
                  | taking damage. [demonic ancestry]
  1223 | D:2      | Reached XP level 3. HP: 24/24 MP: 2/6
  1592 | D:2      | Reached XP level 4. HP: 23/30 MP: 0/7
  2070 | D:3      | Learned a level 2 spell: Scorch
  2570 | D:3      | Gained mutation: You sometimes gain power by taking damage.
                  | [demonic ancestry]
  2570 | D:3      | Reached XP level 5. HP: 35/35 MP: 1/9
  3063 | D:3      | Reached skill level 1 in Fighting
  3071 | D:3      | Slain by a worm

Illustrated notes

Levels and vault maps discovered:
D:1:      dpeg_arrival_rooms_with_view, layout_basic, serial_curves,
          eino_curves_04, eino_curves_02
D:2:      layout_basic
D:3:      layout_loops_ring, minmay_divided_ellipse

Skill      XL: |  1  2  3  4  5 |
---------------+----------------+-----
Fire Magic     | 3 |  3.8
Dodging        | 2 |  2.8
Fighting       | 1 |  1.0
Spellcasting   | 3 |  3.0
Armour         | |  0.4
Stealth        | |  1.8
Conjurations   | |  1.9
Evocations     | |  0.8

Action                     |  1- 3 |  4- 6 || total
---------------------------+-------+-------++-------
  Melee: Short sword       |    10 |    35 ||    45
   Cast: Foxfire           |    66 |    52 ||   118
         Scorch            |       |     9 ||     9
 Armour: Robe              |     3 |       ||     3
         Leather armour    |       |     9 ||     9
  Dodge: Dodged            |     7 |    19 ||    26

Table legend: (Time is in decaauts)
 A = Elapsed time spent in this place.
 B = Non-inter-level travel time spent in this place.
 C = Inter-level travel time spent in this place.
 D = Time resting spent in this place.
 E = Time spent auto-exploring this place.
 F = Levels seen in this place.
 G = Mean time per level.
                   A        B        C        D        E       F      G
               +--------+--------+--------+--------+--------+-----+--------+
         Total |   3069 |   3030 |     39 |      0 |   2585 |   3 | 1023.0 |
       Dungeon |   3069 |   3030 |     39 |      0 |   2585 |   3 | 1023.0 |
               +--------+--------+--------+--------+--------+-----+--------+

Top non-repeatable levels by time:
     D:3: 1259 daAuts
     D:1: 931 daAuts
     D:2: 878 daAuts
